Map: Deathaura LE

Players

ImmortalBlad

  • Race: Terran Terran
  • League: Gold
  • Spawn Location: 5:00

A.I. 1 (Elite) - Winner!

  • Race: Terran Terran
  • Spawn Location: 11:00

VOD

Have the link to the VOD?

Description

Time

  • Played on: July 7, 2020, 6:07 p.m.
  • Length: 4:40
Show
View Real Time Build Order
Export as new Build Order

ImmortalBlad Terran 

Build Orders: Liberator Opening 

Get SALT Encoding   

  12  0:00  SCV  
  13  0:12  SCV  
  14  0:17  Supply Depot  
  14  0:25  SCV  
  14  0:27  Refinery  
  15  0:39  SCV  
  16  0:45  Barracks  
  16  0:51  SCV  
  17  1:03  SCV  
  18  1:15  SCV  
  19  1:20  Refinery  
  19  1:27  SCV  
  20  1:33  Factory  
  20  1:39  Barracks Tech Lab  
  20  1:42  Orbital Command  
  20  1:59  Marauder  
  20  2:00  Supply Depot  
  22  2:10  SCV  
  23  2:22  SCV  
  24  2:38  Siege Tank  
  24  2:41  Barracks Reactor, Starport  
  27  2:49  SCV  
  28  2:53  Supply Depot  
  28  3:01  SCV  
  29  3:13  SCV  
  30  3:29  Liberator  
  30  3:32  Command Center  
  30  3:33  Barracks Reactor  
  33  3:38  Siege Tank  
  36  3:41  Supply Depot  
  36  3:44  SCV  
  37  3:56  SCV  
  37  4:01  Refinery  
  38  4:04  Supply Depot  
  38  4:08  SCV  
Show
View Real Time Build Order
Export as new Build Order

A.I. 1 (Elite) Terran - Winner!

Build Orders:  

Get SALT Encoding   

  12  0:00  SCV  
  13  0:13  SCV  
  14  0:19  Supply Depot  
  14  0:25  SCV  
  15  0:41  SCV  
  16  0:43  Barracks  
  16  0:44  Refinery  
  16  0:53  SCV  
  17  1:02  Barracks  
  17  1:05  SCV  
  18  1:17  SCV  
  19  1:30  Marine  
  19  1:32  Orbital Command  
  20  1:42  Barracks  
  20  1:48  Marine  
  20  1:49  Marine  
  22  1:57  Supply Depot  
  22  2:00  SCV  
  23  2:06  Barracks Tech Lab  
  23  2:07  Barracks Tech Lab  
  23  2:19  SCV  
  24  2:24  Marine  
  24  2:26  Stimpack, Marine  
  24  2:28  Concussive Shells  
  24  2:29  Marine  
  27  2:35  Supply Depot  
  27  2:42  Marine  
  27  2:44  Marine  
  28  2:45  SCV  
  28  2:47  Marine  
  31  3:00  Marauder  
  31  3:02  Marauder  
  31  3:04  Marine  
  36  3:06  Supply Depot  
  36  3:18  Combat Shield  
  36  3:19  SCV  
  37  3:21  Marine  
  37  3:22  Marine  
  39  3:27  Supply Depot, Marine  
  40  3:39  Refinery, Marine  
  41  3:45  Marauder  
  43  3:57  Marauder  
  43  4:01  SCV  
  46  4:08  Marauder  
  48  4:11  Supply Depot  
  48  4:13  SCV  
  49  4:19  Marauder  
  51  4:25  Command Center  
Tags
 
League
Gold
Matchup
TvT
Race
Terran
Spawn Locations
Cross Positions
Add a new tag
Caveats
  • Supply blocks, unpowered buildings, or Contaminate may cause inaccurate times.
  • Supply counts are checked every 10 seconds.